 Dungeon Crawl Stone Soup version 0.27-a0-396-g03f4e8e (webtiles) character file.

Game seed: 8527767911029457784

450 Illumine the Magician (level 6, -6/35 HPs)
             Began as a Deep Elf Fire Elementalist on Feb 21, 2021.
             Mangled by a worker ant (7 damage)
             ... on level 4 of the Dungeon.
             The game lasted 00:11:09 (5080 turns).

Illumine the Magician (Deep Elf Fire Elementalist)  Turns: 5080, Time: 00:11:09

Health: -6/35      AC:  7    Str:  4 (6)  XL:     6   Next: 74%
Magic:  15/15      EV: 13    Int: 19 (21) God:
Gold:   96         SH:  0    Dex: 12 (15) Spells: 7/15 levels left

rFire    . . .     SeeInvis .   f - +1 dagger (freeze)
rCold    . . .     Faith    .   (no shield)
rNeg     . . .     Spirit   .   a - +0 robe
rPois    .         Reflect  .   j - +2 helmet
rElec    .         Harm     .   (no cloak)
rCorr    .         Rampage  .   b - +0 pair of gloves
Will     .....                  l - +0 pair of boots
Stlth    ++........             (no amulet)
HPRegen  0.11/turn              (no ring)
MPRegen  0.14/turn              (no ring)

@: hasted, very quick
A: no striking features
a: no special abilities


You were on level 4 of the Dungeon.
You visited 1 branch of the dungeon, and saw 4 of its levels.

You collected 96 gold pieces.

Inventory:

Hand Weapons
 c - a +0 short sword
 f - a +1 dagger of freezing (weapon)
Armour
 a - a +0 robe (worn)
 b - a +0 pair of gloves (worn)
 j - a +2 helmet (worn)
 l - a +0 pair of boots (worn)
 r - the +4 leather armour of the Armoured One {rC+ Str+4, unknown}
   (You found it on level 4 of the Dungeon)

   It affects your strength (+4).
   It protects you from cold.
Magical Staves
 q - a staff of poison
Scrolls
 e - a scroll of teleportation {unknown}
 i - a scroll of noise {unknown}
 m - 2 scrolls of magic mapping {unknown}
 n - a scroll of enchant weapon {unknown}
 o - a scroll of fog {unknown}
 p - a scroll of random uselessness {unknown}
Potions
 h - a potion of degeneration
 k - 3 potions of attraction
 s - a potion of resistance {unknown}


   Skills:
 + Level 2.0 Fighting
 + Level 4.3 Dodging
 - Level 2.4 Stealth
 + Level 5.1 Spellcasting
 + Level 3.4 Conjurations
 + Level 5.0 Fire Magic


You had 7 spell levels left.
You knew the following spells:

 Your Spells              Type           Power        Failure   Level
a - Foxfire               Conj/Fire      80%          2%          1
b - Conjure Flame         Conj/Fire      20%          6%          3
c - Sticky Flame          Conj/Fire      20%          22%         4

Your spell library contained the following spells:

 Spells                   Type           Power        Failure   Level
 Inner Flame              Hex/Fire       14%          13%         3
 Fireball                 Conj/Fire      10%          52%         5


Dungeon Overview and Level Annotations

Branches:
Dungeon (4/15)
 Temple: D:4-7

Altars:
Cheibriados
Vehumet
Wu Jian
Xom

Annotations:
D:3 2 transporters, 1 runed translucent door, anarkitty's ghost, amateur DEEE
D:4 Edmund


Message History

Confirm with . or Enter, or press ? or * to list all spells.
You conjure some foxfire!
The worker ant waves its antennae.
The foxfire hits the worker ant.
The worker ant is severely wounded.
The foxfire hits the worker ant.
You kill the worker ant!
The worker ant misses you.
There is a stone staircase leading down here.
The worker ant bites you but does no damage.
The worker ant bites you.
* * * LOW HITPOINT WARNING * * *
The worker ant bites you but does no damage.
The worker ant bites you but does no damage.
Casting: Foxfire (safe; 2% risk of failure)
Confirm with . or Enter, or press ? or * to list all spells.
You conjure some foxfire!
The foxfire hits the adder.
The adder is lightly wounded.
The worker ant bites you.
* * * LOW HITPOINT WARNING * * *
The foxfire hits the worker ant.
The worker ant is lightly wounded.
Casting: Foxfire (safe; 2% risk of failure)
Confirm with . or Enter, or press ? or * to list all spells.
You conjure some foxfire!
The adder bites you but does no damage.
The worker ant bites you but does no damage.
The adder misses you. The adder closely misses you.
The foxfire hits the worker ant.
The worker ant is moderately wounded.
The foxfire hits the worker ant.
The worker ant is severely wounded.
The worker ant closely misses you. The adder bites you but does no damage.
The adder bites you.
* * * LOW HITPOINT WARNING * * *
The worker ant closely misses you. The worker ant bites you.
* * * LOW HITPOINT WARNING * * *
It was a potion of haste.
You feel yourself speed up. The worker ant bites you!
You die...

######### #.......#
######.#####.########
#..........#......<.#
#.####...###..#######
#.#......###.@#
#.#.#.......SB#
#.#.#....####.# ##
#....#.#.# #S# .#
#........####.# S#
#.#......SS...# S#
#.#.....####### .#
#S#.....#
.###.#.##.##


You could see a worker ant and 2 adders.

Vanquished Creatures
  A phantom (D:2)
  An orc priest (D:3)
  An iguana (D:4)
  A worker ant (D:4)
  An orc wizard (D:3)
  A hound skeleton (D:4)
  Robin (D:2)
  3 gnolls (D:3)
  7 adders
  2 oozes
  A worm (D:2)
  3 dart slugs
  6 leopard geckos
  12 orcs
  5 giant cockroaches
  16 goblins
  9 hobgoblins
  9 jackals
  5 quokkas
  10 bats
  3 frilled lizards
  11 kobolds
  9 rats
118 creatures vanquished.

Vanquished Creatures (others)
  An ooze (D:3)
  A leopard gecko (D:3)
  A bat (D:3)
  A jackal (D:3)
  340 foxfires
344 creatures vanquished.

Grand Total: 462 creatures vanquished

Notes
Turn   | Place    | Note
-------+----------+-------------------------------------------
     0 | D:1      | Illumine the Deep Elf Fire Elementalist began the quest for
                  | the Orb.
     0 | D:1      | Reached XP level 1. HP: 10/10 MP: 6/6
   206 | D:1      | Reached XP level 2. HP: 15/15 MP: 5/8
   838 | D:1      | Reached XP level 3. HP: 8/19 MP: 4/9
  1398 | D:2      | Found a snail-covered altar of Cheibriados.
  1580 | D:2      | Learned a level 3 spell: Conjure Flame
  1591 | D:2      | Found a faded altar of an unknown god.
  1654 | D:2      | Reached XP level 4. HP: 24/24 MP: 7/11
  1900 | D:2      | Noticed Robin
  1909 | D:2      | Killed Robin
  2080 | D:2      | Found an ornate altar of the Wu Jian Council.
  2471 | D:3      | Found a transporter.
  2471 | D:3      | Found a transporter.
  2471 | D:3      | Found a shimmering altar of Xom.
  2471 | D:3      | Noticed an orc warrior
  2655 | D:3      | Reached skill level 1 in Fighting
  3240 | D:3      | Reached XP level 5. HP: 29/29 MP: 10/13
  3992 | D:3      | Found a radiant altar of Vehumet.
  4052 | D:3      | Found a runed translucent door.
  4056 | D:3      | Noticed anarkitty's ghost (amateur DEEE)
  4098 | D:3      | Learned a level 4 spell: Sticky Flame
  4332 | D:4      | Reached XP level 6. HP: 34/34 MP: 10/14
  4533 | D:2      | Reached skill level 5 in Fire Magic
  4784 | D:4      | Found a shimmering altar of Xom.
  4800 | D:4      | Got a jewelled leather armour
  4819 | D:4      | Reached skill level 5 in Spellcasting
  4894 | D:4      | Noticed Edmund
  5078 | D:4      | HP: 1/35 [worker ant (3)]
  5080 | D:4      | Mangled by a worker ant

Illustrated notes

Levels and vault maps discovered:
D:1:      dpeg_arrival_arbitrary_b, layout_loops_ring,
          chequers_serial_rivers_small_3
D:2:      layout_basic, pdpol_wu_jian_five_deadly_venoms,
          nicolae_overflow_crystal_walls, chequers_ecumenical_altar_island,
          serial_curves, eino_curves_01, eino_curves_04, uniq_robin
D:3:      layout_loops_ring, fiery_altar_vehumet,
          gammafunk_temple_overflow_arena, ebering_ghost_sewer_d
D:4:      layout_basic, nicolae_overflow_hidden_temple, minmay_ruined_shrine,
          uniq_edmund

Skill      XL: |  1  2  3  4  5  6 |
---------------+-------------------+-----
Fire Magic     | 4 5 |  5.0
Dodging        | 3 4 |  4.3
Conjurations   | 2 3 |  3.4
Fighting       | 1 2 |  2.0
Spellcasting   | 4 5 |  5.1
Stealth        | |  2.4

Action                   |  1- 3 |  4- 6 || total
-------------------------+-------+-------++-------
Melee: Dagger            |     4 |    37 ||    41
 Cast: Foxfire           |    64 |   146 ||   210
  Use: Scroll            |       |     2 ||     2
       Potion            |       |     4 ||     4
Armor: Robe              |     5 |    40 ||    45
Dodge: Dodged            |    30 |    90 ||   120

Table legend: (Time is in decaauts)
 A = Elapsed time spent in this place.
 B = Non-inter-level travel time spent in this place.
 C = Inter-level travel time spent in this place.
 D = Time resting spent in this place.
 E = Time spent auto-exploring this place.
 F = Levels seen in this place.
 G = Mean time per level.
                   A        B        C        D        E       F      G
               +--------+--------+--------+--------+--------+-----+--------+
         Total |   5097 |   4850 |    247 |    826 |   2787 |   4 | 1274.2 |
       Dungeon |   5097 |   4850 |    247 |    826 |   2787 |   4 | 1274.2 |
               +--------+--------+--------+--------+--------+-----+--------+

Top non-repeatable levels by time:
     D:2: 1691 daAuts
     D:3: 1569 daAuts
     D:1: 1218 daAuts
     D:4: 618 daAuts
